 Dungeon Crawl Stone Soup version 0.29.1-2-gbd0b4ee654 (webtiles) character file.

Game seed: 13901172180489073528

231 DemonSlayer the Firebug (level 5, -8/35 HPs)
             Began as a Demonspawn Fire Elementalist on Nov 26, 2022.
             Mangled by Crazy Yiuf
             ... wielding a +4 quarterstaff of chaos
              (9 damage)
             ... on level 2 of the Dungeon.
             The game lasted 00:06:36 (3470 turns).

DemonSlayer the Firebug (DsFE)                      Turns: 3470, Time: 00:06:37

Health: -8/35      AC:  3    Str: 10    XL:     5   Next: 72%
Magic:  8/10       EV: 12    Int: 17    God:
Gold:   157        SH:  0    Dex: 13    Spells: 8/11 levels left

rFire   . . .      SeeInvis .   d - +0 short sword
rCold   . . .      Faith    .   (no shield)
rNeg    . . .      Spirit   .   a - +0 robe
rPois   .          Reflect  .   (helmet restricted)
rElec   .          Harm     .   h - +0 cloak
rCorr   .          Rampage  .   (no gloves)
Will    .....                   (no boots)
Stlth   ++........              g - amulet of regeneration
HPRegen 0.91/turn               (no ring)
MPRegen 0.12/turn               (no ring)

@: lethally poisoned (-8 -> -19), slowed, very slow
A: horns 1, foul stench 1, powered by pain 1
a: no special abilities


You were on level 2 of the Dungeon.
You visited 1 branch of the dungeon, and saw 2 of its levels.

You collected 259 gold pieces.
You spent 102 gold pieces at shops.

Inventory:

Hand Weapons
 d - a +0 short sword (weapon)
Armour
 a - a +0 robe (worn)
 c - a scarf of shadows
 h - a +0 cloak (worn)
Jewellery
 g - an amulet of regeneration (around neck)
 r - an amulet of the acrobat
Scrolls
 i - 3 scrolls of identify {unknown}
 k - a scroll of teleportation {unknown}
 l - 3 scrolls of butterflies {unknown}
 m - a scroll of acquirement {unknown}
 n - a scroll of blinking {unknown}
 o - a scroll of noise {unknown}
Potions
 b - a potion of magic
 e - a potion of curing {unknown}
 f - 2 potions of attraction {unknown}
 j - 2 potions of degeneration {unknown}
 p - a potion of brilliance {unknown}
 q - 2 potions of flight {unknown}
 s - a potion of might {unknown}


   Skills:
 + Level 0.2 Fighting
 + Level 0.8 Short Blades
 + Level 2.0 Dodging
 + Level 2.5 Stealth
 + Level 3.5 Spellcasting
 + Level 2.0 Conjurations
 + Level 4.1 Fire Magic


You had 8 spell levels left.
You knew the following spells:

 Your Spells              Type           Power      Damage    Failure   Level
a - Foxfire               Conj/Fire      52%        2x1d6     4%          1
b - Scorch                Fire           34%        2d6       4%          2

Your spell library contained the following spells:

 Spells                   Type           Power      Damage    Failure   Level
 Conjure Flame            Conj/Fire      13%        6-21      14%         3
 Inner Flame              Hex/Fire       10%        N/A       22%         3
 Blink                    Tloc           4%         N/A       26%         2
 Flame Wave               Conj/Fire      13%        2d6       41%         4
 Airstrike                Air            1%         2d(1-17)  86%         4
 Summon Lightning Spire   Summ/Air       2%         N/A       86%         4
 Lightning Bolt           Conj/Air       3%         1d14      96%         5
 Manifold Assault         Tloc           2%         N/A       99%         5
 Storm Form               Tmut/Air       1%         N/A       100%        7


Dungeon Overview and Level Annotations

Branches:
Dungeon (2/15)

Altars:

Shops:
D:1 *

Annotations:
D:2 Crazy Yiuf


Innate Abilities, Weirdness & Mutations

You have a pair of small horns on your head.
You may rarely emit foul miasma when damaged in melee.
You sometimes gain a little power by taking damage.


Message History

A goblin is nearby!
Found a stone staircase leading up.
A goblin is nearby!
A goblin is nearby!
You can't see any susceptible monsters within range! (Use Z to cast anyway.) Flames lash the goblin.
You kill the goblin!
No target in view!
You can't see any susceptible monsters within range! (Use Z to cast anyway.) No target in view!
You can't see any susceptible monsters within range! (Use Z to cast anyway.) No target in view!
You can't see any susceptible monsters within range! (Use Z to cast anyway.)
There is an open door here.
Crazy Yiuf shouts!
Crazy Yiuf says, "Hack!"
Could not explore, unopened runed door.
Could not explore, unopened runed door.
Could not explore, unopened runed door.
Could not explore, unopened runed door.
You open the door.
Flames lash Crazy Yiuf.
Crazy Yiuf is moderately wounded.
Crazy Yiuf's fire resistance burns away.
Crazy Yiuf hits you with a +4 quarterstaff of chaos!
You feel yourself slow down.
Flames lash Crazy Yiuf.
Crazy Yiuf is burned terribly!
Crazy Yiuf is heavily wounded.
Crazy Yiuf hits you with a +4 quarterstaff of chaos!
You focus on the pain.
You feel your power returning. Crazy Yiuf burns you.
You are too injured to fight recklessly!
Casting: Scorch (safe; 4% risk of failure)
Confirm with . or Enter, or press ? or * to list all spells.
Flames lash Crazy Yiuf.
Crazy Yiuf is severely wounded.
Crazy Yiuf hits you with a +4 quarterstaff of chaos!
* * * LOW HITPOINT WARNING * * *
You are lethally poisoned!
Crazy Yiuf hits you with a +4 quarterstaff of chaos!
You die...

#....#....#.####################
..............................>#
#....######.##################.#
#........#### #.# ########## #.#
###### ♣♣♣♣♣### #.# ###....# ###
♣♣♣.♣.P'.## #.# .......#
#...#♣..♣.P....## #.# ###....##
#...g@♣♣♣♣P.....###.# #.....##
#)..#♣♣ ♣♣P+.......# #......#
### ♣♣#######.# #....### #.#
######## #.# ..# ##### #######
#.# ..# #.#.## #.....# #.# ..#
#.#..## #.....# #.# ..# #.##..#
#.....# ###.#


You could see Crazy Yiuf (combustible).

Vanquished Creatures
  Sigmund (D:2)
  3 adders (D:2)
  A dart slug (D:2)
  2 ball pythons (D:1)
  2 endoplasms (D:2)
  3 giant cockroaches
  3 goblins
  3 hobgoblins
  A quokka (D:1)
  A bat (D:1)
  5 frilled lizards
  4 kobolds
  4 rats
33 creatures vanquished.

Vanquished Creatures (others)
  109 foxfires
  4 toadstools (D:1)
113 creatures vanquished.

Grand Total: 146 creatures vanquished

Notes
Turn   | Place    | Note
-------+----------+-------------------------------------------
     0 | D:1      | DemonSlayer the Demonspawn Fire Elementalist began the
                  | quest for the Orb.
     0 | D:1      | Reached XP level 1. HP: 13/13 MP: 3/3
   453 | D:1      | Reached skill level 3 in Fire Magic
   453 | D:1      | Gained mutation: You have a pair of small horns on your
                  | head. [demonic ancestry]
   453 | D:1      | Reached XP level 2. HP: 17/19 MP: 5/5
   456 | D:1      | Learned a level 2 spell: Scorch
   489 | D:1      | Found Tuda's Assorted Antiques.
   492 | D:1      | Bought a scroll labelled HOULICI FERUA for 22 gold pieces
  1187 | D:2      | Found a faded altar of an unknown god.
  1461 | D:1      | Bought a scroll labelled JENOTIEKOE for 22 gold pieces
  1461 | D:1      | Bought a silvery potion for 19 gold pieces
  1461 | D:1      | Bought 2 viscous ruby potions for 39 gold pieces
  1691 | D:2      | Gained mutation: You may rarely emit foul miasma when
                  | damaged in melee. [demonic ancestry]
  1691 | D:2      | Reached XP level 3. HP: 12/24 MP: 3/6
  2169 | D:2      | Noticed Sigmund
  2179 | D:2      | Killed Sigmund
  2180 | D:2      | Reached skill level 4 in Fire Magic
  2180 | D:2      | Reached XP level 4. HP: 30/30 MP: 0/9
  2180 | D:2      | Gained mutation: You sometimes gain a little power by
                  | taking damage. [demonic ancestry]
  2180 | D:2      | Reached XP level 5. HP: 35/35 MP: 0/10
  2611 | D:2      | Found a runed translucent door.
  2612 | D:2      | Noticed Crazy Yiuf
  3470 | D:2      | HP: 1/35 [Crazy Yiuf/+4 quarterstaff of chaos (12)]
  3470 | D:2      | Mangled by Crazy Yiuf

Illustrated notes

Levels and vault maps discovered:
D:1:      heliophobic_arrival_battle_scene, layout_rooms, serial_shops,
          nicolae_shop_behind_doors, minmay_gold_behind_fungi, st_stairs_6,
          minmay_octomino_j4
D:2:      layout_basic, hellmonk_ecumenical_altar_pennies_from_heaven,
          uniq_sigmund, uniq_crazy_yiuf_cottage

Skill      XL: |  1  2  3 |
---------------+----------+-----
Stealth        | 2 |  2.5
Fire Magic     | 3 4 |  4.1
Dodging        | 2 |  2.0
Spellcasting   | 3 |  3.5
Conjurations   | 2 |  2.0
Fighting       | |  0.2
Short Blades   | |  0.8

Action                   |  1- 3 |  4- 6 || total
-------------------------+-------+-------++-------
Melee: Short sword       |    16 |     2 ||    18
       Unarmed           |     1 |       ||     1
       Headbutt          |     2 |       ||     2
 Cast: Foxfire           |    54 |    12 ||    66
       Scorch            |     8 |     8 ||    16
  Use: Potion            |     2 |       ||     2
 Stab: Sleeping          |     2 |       ||     2
Armor: Robe              |     4 |     1 ||     5
Dodge: Dodged            |    21 |     2 ||    23
